 Dungeon Crawl Stone Soup version 0.18.1-8-gdd0e5ea (webtiles) character file.

39 zeroDi the Sneak (level 3, -2/18 HPs)
             Began as a Vine Stalker Assassin on May 21, 2016.
             Slain by Crazy Yiuf
             ... wielding a +2 quarterstaff of chaos
              (5 damage)
             ... on level 2 of the Dungeon.
             The game lasted 00:02:02 (759 turns).

zeroDi the Sneak (Vine Stalker Assassin)             Turns: 759, Time: 00:02:03

Health: -2/18      AC:  3    Str: 13    XL:     3   Next: 47%
Magic:  0/4        EV: 11    Int: 11    God:
Gold:   108        SH:  0    Dex: 16    Spells: 0 memorised, 2 levels left

rFire  . . .     SeeInvis .     a - +1 short sword (speed)
rCold  . . .     Gourm    .     c - +0 robe
rNeg   . . .     Faith    .     (no shield)
rPois  .         Spirit   +     (no helmet)
rElec  .         Dismiss  .     d - +0 cloak
rCorr  .         Reflect  .     (no gloves)
SustAt .         Harm     .     (no boots)
MR     .....                    (no amulet)
Stlth  +++.......               (no ring)
                                (no ring)

@: not resistant to hostile enchantments, fairly stealthy
A: fangs 2, regeneration 1, magic shield, antimagic bite, no device heal 3, rot
immunity
a: no special abilities


You were on level 2 of the Dungeon.
You were not hungry.

You visited 1 branch of the dungeon, and saw 2 of its levels.

You collected 108 gold pieces.


Innate Abilities, Weirdness & Mutations

You have extremely sharp teeth.
Your natural rate of healing is unusually fast.
When hurt, damage is shared between your health and your magic reserves.
Your bite disrupts and absorbs the magic of your enemies.
Potions and wands cannot restore your health.
You are immune to rotting.


   Skills:
 - Level 1.7 Fighting
 + Level 3.3 Short Blades
 - Level 1.7 Throwing
 - Level 0.7 Dodging
 - Level 4.8 Stealth


You had 2 spell levels left.
You didn't know any spells.

Inventory:

Hand Weapons
 a - a +1 short sword of speed (weapon)
 b - a +0 blowgun
 l - a +2 dagger
Missiles
 e - 27 poisoned needles
 f - 2 curare-tipped needles {=f}
Armour
 c - a +0 robe (worn)
 d - a +0 cloak (worn)
Jewellery
 m - an uncursed amulet of dismissal {unknown}
Scrolls
 h - a scroll of immolation {unknown}
 i - 4 scrolls of identify {unknown}
 j - 3 scrolls of noise {unknown}
Potions
 n - a potion of curing {unknown}
 o - a potion of degeneration {unknown}
 q - a potion of haste {unknown}
Comestibles
 g - a bread ration
 k - a slice of pizza
 p - a royal jelly
 r - a chunk of flesh

Dungeon Overview and Level Annotations

Branches:
Dungeon (2/15)

Altars:
The Shining One

Annotations:
D:2 Crazy Yiuf

#....# #.#
♣....♣ #.#
♣...♣♣ #.#
♣♣.♣♣ #.#
♣.♣♣ #.#
♣♣.♣ #.###
♣.♣♣ #...#
♣♣.♣ #...#
#@# #...#
#.g.# #...##
#...#
#....###
#..)#
#......#
#####
#...##.##
#...##..###
#...###...##
#########..#
..........


You could see Crazy Yiuf.


Message History

You hit the dart slug. You bite the dart slug. You drain its power.
The dart slug is severely wounded.
You hit the dart slug.
The dart slug is severely wounded.
The dart slug barely misses you.
You completely miss the dart slug.
The dart slug is severely wounded.
You hit the dart slug.
You kill the dart slug!
You completely miss Crazy Yiuf. Your bite misses Crazy Yiuf.
Crazy Yiuf hits you with a quarterstaff of chaos!
Ouch! That really hurt!
* * * LOW HITPOINT WARNING * * *
Space bends around you.
* * * LOW HITPOINT WARNING * * *
You are too injured to fight recklessly!
You closely miss Crazy Yiuf.
Crazy Yiuf says, "Crazy?
Crazy!?
PORCUPINE!"
Crazy Yiuf hits you with a quarterstaff of chaos.
You die...

Action                   || total
-------------------------++-------
Melee: Dagger            ||    20
       Bite              ||    20
       Short sword       ||    65
 Fire: Blowgun           ||     9
 Stab: Sleeping          ||     4
Armor: Robe              ||    14
Dodge: Dodged            ||    33

Vault maps used:
D:1:      kilobyte_arrival_exit_the_forest, tso_metal_star
D:2:      grunt_temple_overflow_gold_and_silver, uniq_natasha,
          uniq_crazy_yiuf_cottage, uniq_sigmund

Notes
Turn   | Place    | Note
--------------------------------------------------------------
     0 | D:1      | zeroDi the Vine Stalker Assassin began the quest for the Orb.
     0 | D:1      | Reached XP level 1. HP: 11/11 MP: 2/2
    68 | D:1      | Reached skill level 2 in Short Blades
   139 | D:1      | Reached XP level 2. HP: 5/15 MP: 3/3
   281 | D:1      | Found a glowing golden altar of the Shining One.
   581 | D:2      | Reached skill level 3 in Short Blades
   583 | D:2      | Reached XP level 3. HP: 12/18 MP: 4/4
   750 | D:2      | Noticed Crazy Yiuf
   759 | D:2      | Slain by Crazy Yiuf

Vanquished Creatures
  2 worms (D:2)
  A dart slug (D:2)
  A ball python (D:1)
  4 giant cockroaches
  6 goblins
  7 hobgoblins
  2 bats
  3 giant newts (D:1)
  3 kobolds
29 creatures vanquished.
